AoeStats
← pascapas

Fortress

508335115Analyzed
4v4 RM · 11d ago on Sep 22, 2026· 63m 41s· 8 players
Game mode
Random Map
Map size
Huge
Population
200
Speed
Normal
Resources
Standard
Victory
Conquest
Starting age
Dark Age
Ending age
Imperial Age
RankedLock teamsTeams togetherTeam positionsShared explorationLock speedFull tech treeHidden civsTurbo modeCheats
Victory
Defeat
🇲🇽 Hindustanis · Mexico
920
+12
🇨🇭 Poles · Switzerland
793
+17
🇫🇷 Chinese · France
769
+18
🇨🇦 Khmer · Canada
732
+21
🇧🇷 Turks · Brazil
869
-19
🇨🇱 Saracens · Chile
826
-17
🇺🇸 Japanese · United States
809
-16
🇲🇽 Turks · Mexico
794
-16
Dr_foul
10:53 Feudal Age
12:14 Double-Bit Axe
14:27 Gold Mining
15:39 Horse Collar
16:43 Fletching
18:28 Wheelbarrow
18:11 Stone Mining
21:30 Castle Age
20:18 Forging
21:14 Scale Mail Armor
22:26 Bow Saw
22:19 Heavy Plow
23:19 Hand Cart
23:21 Caravan
23:32 Bodkin Arrow
24:22 Squires
28:05 Chain Mail Armor
28:25 Iron Casting
28:26 Pikeman
33:15 Town Watch
36:02 Imperial Age
34:56 Murder Holes
37:09 Conscription
39:20 Kataparuto
41:30 Chemistry
42:04 Treadmill Crane
42:31 Elite Samurai
43:48 Hoardings
53:57 Masonry
PilotExpert9105
7:14 Feudal Age
8:08 Double-Bit Axe
15:41 Castle Age
15:26 Forging
15:22 Scale Barding Armor
15:30 Bloodlines
17:43 Loom
20:14 Husbandry
25:39 Iron Casting
25:03 Stone Mining
30:41 Wheelbarrow
30:13 Caravan
32:42 Hand Cart
33:35 Chain Barding Armor
38:14 Imperial Age
38:19 Heavy Camel Rider
40:02 Blast Furnace
42:10 Gold Mining
43:06 Conscription
43:43 Elite Mameluke
47:04 Plate Barding Armor
46:20 Fletching
56:49 Pikeman
57:30 Squires
57:15 Gambesons
57:17 Arson
58:05 Scale Mail Armor
Arsaavedra23
9:03 Feudal Age
11:08 Double-Bit Axe
11:29 Gold Mining
14:30 Castle Age
12:30 Stone Mining
12:32 Horse Collar
15:48 Wheelbarrow
18:09 Bow Saw
18:36 Heavy Plow
24:30 Imperial Age
25:03 Hand Cart
26:59 Fortified Wall
27:53 Conscription
30:17 Coinage
29:49 Caravan
29:20 Elite Janissary
36:33 Artillery
43:25 Forging
44:19 Bombard Tower
43:40 Treadmill Crane
53:06 Banking
54:51 Scale Barding Armor
55:22 Iron Casting
54:38 Fletching
54:49 Scale Mail Armor
55:32 Husbandry
55:55 Bloodlines
56:33 Chain Barding Armor
Tamor
9:40 Feudal Age
14:07 Castle Age
13:44 Double-Bit Axe
15:57 Gold Mining
19:24 Imperial Age
40:05 Wheelbarrow
57:34 Caravan
★秧★FISHY
1:52 Loom
10:20 Feudal Age
11:38 Wheelbarrow
10:46 Horse Collar
10:54 Double-Bit Axe
15:59 Castle Age
14:19 Gold Mining
14:37 Stone Mining
17:01 Hand Cart
17:00 Bow Saw
16:53 Heavy Plow
37:04 Imperial Age
36:04 Stone Shaft Mining
41:10 Light Cavalry
42:38 Crop Rotation
43:42 Bloodlines
51:11 Conscription
50:21 Sappers
51:27 Hoardings
52:35 Caravan
53:05 Coinage
57:20 Hussar
58:45 Double Crossbow
58:46 Tusk Swords
58:07 Elite Ballista Elephant
58:44 Fletching
59:04 Forging
59:00 Scale Barding Armor
63:40 Bodkin Arrow
64:21 Iron Casting
64:09 Chain Barding Armor
Nostro
9:58 Feudal Age
14:25 Castle Age
13:09 Double-Bit Axe
13:07 Horse Collar
13:19 Gold Mining
13:21 Stone Mining
13:53 Fletching
14:04 Padded Archer Armor
22:52 Bow Saw
23:19 Heavy Plow
23:49 Bodkin Arrow
25:01 Wheelbarrow
24:16 Town Watch
25:41 Leather Archer Armor
25:58 Hand Cart
26:47 Gold Shaft Mining
30:01 Imperial Age
29:58 Ballistics
31:07 Conscription
30:52 Bracer
31:22 Ring Archer Armor
30:31 Elite Chu Ko Nu
32:51 Chemistry
53:24 Caravan
Espartan HS
5:33 Loom
7:27 Feudal Age
13:03 Castle Age
11:53 Horse Collar
12:00 Double-Bit Axe
12:36 Gold Mining
14:04 Bow Saw
17:51 Scale Mail Armor
18:58 Squires
18:44 Arson
20:24 Forging
21:38 Chain Mail Armor
22:27 Wheelbarrow
21:37 Loom
26:29 Imperial Age
24:41 Hand Cart
25:33 Heavy Plow
26:14 Gold Shaft Mining
25:29 Stone Mining
28:35 Bloodlines
28:26 Husbandry
28:02 Heavy Camel Rider
30:12 Two-Man Saw
29:33 Scale Barding Armor
30:04 Iron Casting
31:05 Heavy Camel Rider
33:06 Chain Barding Armor
33:47 Blast Furnace
35:30 Grand Trunk Road
35:51 Conscription
36:19 Town Watch
37:11 Town Patrol
37:24 Imperial Camel Rider
37:27 Light Cavalry
39:22 Plate Barding Armor
39:56 Ballistics
40:37 Chemistry
39:43 Siege Engineers
40:44 Hussar
44:54 Shatagni
47:09 Siege Elephant
49:26 Caravan
53:47 Coinage
62:59 Masonry
pascapas
0:30 Loom
7:43 Feudal Age
10:02 Horse Collar
10:12 Double-Bit Axe
15:20 Wheelbarrow
18:12 Castle Age
16:40 Bloodlines
17:54 Forging
17:36 Fletching
17:51 Scale Barding Armor
17:54 Scale Mail Armor
20:11 Szlachta Privileges
22:38 Bow Saw
27:39 Wheelbarrow
27:56 Husbandry
34:51 Imperial Age
33:13 Light Cavalry
35:20 Chain Barding Armor
35:37 Iron Casting
35:04 Bodkin Arrow
35:15 Cavalier
39:42 Blast Furnace
40:00 Hand Cart
39:31 Winged Hussar
54:22 Blast Furnace
56:26 Caravan
57:46 Conscription
Connection lost

Rejoining the realm…

Still unreachable

The connection could not be restored.

Session expired

The server has moved on; the page needs a fresh start.